Match 46545803
Unlisted

Match 46545803
End
Engineer Squad
Scout Squad
Construct Weapon Support Center
Selects Heavy Weapons
M1919 Machine Gun Team
Bazooka Squad
M1919 Machine Gun Team
Infantry Support Center
Construct Medical Station
Selects Assault Carriers
M3 Assault Carrier
M1919 Machine Gun Team
Bazooka Squad
Engineer Squad
Construct Motor Pool
M24 Chaffee Light Tank
Selects Exchangeable Parts
Bazooka Squad
M1 Anti-tank Gun Team
Selects M26 Pershing Heavy Tank
M1919 Machine Gun Team
Selects M2HB .50cal Heavy Machine Gun
M26 Pershing Heavy Tank
M1919 Machine Gun Team
Advanced Logistics
FeriG
Rei
0
0

Comments sign in to comment!

No comments posted yet!